 Dungeon Crawl Stone Soup version 0.20.1-1-g8b1a95d (webtiles) character file.

15047 Kingsmith the Thaumaturge (level 11, -5/69 HPs)
             Began as a Deep Elf Venom Mage on Dec 11, 2017.
             Was a High Priest of Vehumet.
             Slain by a vampire (9 damage)
             ... on level 12 of the Dungeon.
             The game lasted 01:03:37 (11918 turns).

Kingsmith the Thaumaturge (Deep Elf Venom Mage)    Turns: 11918, Time: 01:03:38

Health: -5/69      AC: 16    Str:  7    XL:     11   Next: 96%
Magic:  24/28      EV: 16    Int: 27    God:    Vehumet [*****.]
Gold:   339        SH:  0    Dex: 15    Spells: 1/33 levels left

rFire    . . .     SeeInvis +   P - +9 staff of Olgreb {rPois}
rCold    . . .     Gourm    .   (no shield)
rNeg     . . .     Faith    .   R - +0 troll leather armour
rPois    ∞         Spirit   .   Q - +0 helmet
rElec    .         Reflect  .   j - +2 cloak
rCorr    .         Harm     .   D - +0 pair of gloves
MR       +....                  z - +0 pair of boots
Stlth    ++........             O - amulet of magic regeneration
Regen    0.7/turn               A - +6 ring of protection
MPRegen  0.4/turn               l - ring of see invisible

@: brilliant
A: no striking features
a: Renounce Religion


You were on level 12 of the Dungeon.
You worshipped Vehumet.
Vehumet was extremely pleased with you.
You were not hungry.

You visited 2 branches of the dungeon, and saw 13 of its levels.
You also visited: Ossuary.

You collected 1375 gold pieces.
You spent 1036 gold pieces at shops.

Inventory:

Hand Weapons
 K - a +0 dagger
 P - the +9 staff of Olgreb (weapon) {rPois}
   (You found it on level 6 of the Dungeon)

   It protects you from poison.
Armour
 a - a +0 robe
 j - a +2 cloak (worn)
 z - a +0 pair of boots (worn)
 D - a +0 pair of gloves (worn)
 Q - a +0 helmet (worn)
 R - a +0 troll leather armour (worn)
 X - a cursed -2 robe
Jewellery
 e - a +5 ring of protection
 l - a ring of see invisible (right hand)
 n - an uncursed amulet of the gourmand
 A - a +6 ring of protection (left hand)
 J - an uncursed ring of fire
 N - the ring of Dewkylow {rPois rF+ rN+++ MR- Int+3}
   (You found it on level 8 of the Dungeon)

   [ring of poison resistance]

   It affects your intelligence (+3).
   It protects you from fire.
   It protects you from poison.
   It renders you almost immune to negative energy.
   It affects your resistance to hostile enchantments.
 O - an amulet of magic regeneration (around neck)
 S - an uncursed ring of wizardry
 U - an uncursed amulet of guardian spirit {unknown}
Wands
 w - a wand of polymorph (12/24)
 T - a wand of confusion (15/48)
Scrolls
 d - a scroll of identify
 q - 5 scrolls of remove curse
 u - a scroll of enchant weapon
 y - 2 scrolls of recharging
 B - a scroll of immolation
 C - a scroll of brand weapon
 M - 2 scrolls of fear
 V - a scroll of magic mapping
Potions
 h - a potion of might
 k - 2 potions of haste
 o - a potion of lignification
 p - 5 potions of mutation
 r - a potion of cancellation
 s - 2 potions of brilliance
 v - 5 potions of curing
 E - 2 potions of magic {unknown}
 F - a potion of experience {unknown}
 G - a potion of agility
 I - a potion of degeneration {unknown}
Books
 b - a Young Poisoner's Handbook

   Spells                             Type                      Level
   a - Sting                          Conjuration/Poison           1
   b - Poisonous Vapours              Poison/Air                   2
   c - Mephitic Cloud                 Conjuration/Poison/Air       3
   d - Olgreb's Toxic Radiance        Poison                       4
   e - Venom Bolt                     Conjuration/Poison           5
 t - a book of Necromancy

   Spells                             Type                      Level
   a - Pain                           Necromancy                   1
   b - Animate Skeleton               Necromancy                   1
   c - Vampiric Draining              Necromancy                   3
   d - Regeneration                   Charms/Necromancy            3
   e - Animate Dead                   Necromancy                   4
   f - Control Undead                 Necromancy                   4
 L - a book of Minor Magic

   Spells                             Type                      Level
   a - Magic Dart                     Conjuration                  1
   b - Blink                          Translocation                2
   c - Call Imp                       Summoning                    2
   d - Slow                           Hexes                        2
   e - Conjure Flame                  Conjuration/Fire             3
   f - Mephitic Cloud                 Conjuration/Poison/Air       3
Miscellaneous
 W - a phantom mirror
Comestibles
 c - 5 bread rations
 f - 8 meat rations
 g - 12 fruits
 i - 3 chunks of flesh
 m - 14 royal jellies


   Skills:
 - Level 8.5 Fighting
 - Level 6.1 Staves
 - Level 8.1 Dodging
 - Level 2.4 Stealth
 + Level 11.6 Spellcasting
 - Level 4.0 Conjurations
 - Level 4.0 Charms
 - Level 6.2 Air Magic
 - Level 9.3 Poison Magic


You had one spell level left.
You knew the following spells:

 Your Spells              Type           Power        Failure   Level  Hunger
a - Sting                 Conj/Pois      ####         1%          1    None
b - Poisonous Vapours     Pois/Air       ######       1%          2    None
c - Mephitic Cloud        Conj/Pois/Air  #######.     1%          3    None
d - Vampiric Draining     Necr           ####......   1%          3    None
e - Olgreb's Toxic Radia  Pois           #######.     1%          4    None
f - Venom Bolt            Conj/Pois      #######...   1%          5    ###....
g - Regeneration          Chrm/Necr      #####.....   1%          3    None
h - Magic Dart            Conj           ####         1%          1    None
i - Force Lance           Conj/Tloc      #####...     3%          4    None
j - Airstrike             Air            ######....   1%          4    None
k - Blink                 Tloc           N/A          1%          2    None


Dungeon Overview and Level Annotations

Branches:
Dungeon (12/15)            Temple (1/1) D:6
   Lair: D:8-11         Orc: D:9-12

Altars:
Ashenzari
Cheibriados
Dithmenos
Elyvilon
Fedhas
Gozag
Hepliaklqana
Kikubaaqudgha
Makhleb
Nemelex Xobeh
Okawaru
Qazlal
Ru
Sif Muna
Trog
Uskayaw
Vehumet
Xom
Yredelemnul
Zin
The Shining One

Shops:
D:7 =:!!}

Annotations:
D:5 Tramtrist's ghost, novice GrBe
D:6 1 runed door, contain awesomesauce Staff of VM
D:8 schauveau's ghost, journeyman TrMo
D:9 1 runed door


Message History

The vampire is infused with unholy energy.
* * * LOW HITPOINT WARNING * * *
The vampire draws life force from you and is healed!
You feel better.
Your skin stops crawling.
The centaur warrior zombie hits you but does no damage.
The vampire gestures wildly while chanting.
The vampire flickers and vanishes for a moment.
The vampire hits you but does no damage.
The vampire bites you!
* * * LOW HITPOINT WARNING * * *
The vampire draws strength from your injuries!
Casting: Vampiric Draining
Confirm with . or Enter, or press ? or * to list all spells.
You blink.
The vampire completely misses you.
The vampire bites you but does no damage.
Casting: Blink
Confirm with . or Enter, or press ? or * to list all spells.
You blink.
The vampire barely misses you. The vampire bites you!
You die...

... ..## ... #...
#.. ###..# #..
....# ## .. ... ...
#. #.# #.#
#.#####@##..#
#.....VZ#...##
#..##§.........
##..###..<.#.##.
#...# #..### #.#.#
#...# ...#.###.#.#
##..#.....#)##.####
## ##..###.).....#


You could see a vampire (invisible) and a centaur warrior zombie.

Vanquished Creatures
  Snorg (D:11)
  3 two-headed ogres
  A wizard (D:11)
  Psyche (D:10)
  2 trolls
  3 hornets
  A hippogriff (D:11)
  A shadow (D:11)
  A hungry ghost (D:11)
  15 yaks
  Eustachio (D:6)
  Menkaure (D:6)
  10 soldier ants
  3 water moccasins
  An acid dragon (D:7)
  A porcupine (D:11)
  A sky beast (D:11)
  An ice beast (D:10)
  7 orc warriors
  2 black bears (D:11)
  A necrophage (D:10)
  4 ogres
  5 phantoms
  6 centaurs
  A big kobold (D:8)
  Blork the orc (D:4)
  6 bullfrogs
  3 scorpions
  11 wights
  15 killer bees
  6 howler monkeys
  4 crimson imps
  3 bullfrog zombies
  4 hounds
  2 jellies
  A gnoll shaman (D:7)
  4 orc priests
  A bullfrog skeleton (D:8)
  5 orc wizards
  Crazy Yiuf (D:2)
  A centaur skeleton (D:4)
  13 worker ants
  A hound skeleton (D:9)
  5 mummies
  8 gnolls
  20 adders
  5 shadow imps
  An adder zombie (D:8)
  An adder skeleton (D:4)
  4 worms
  2 dart slugs
  2 leopard geckos
  57 orcs
  2 ball pythons
  17 bats
  6 giant cockroaches
  2 gnoll zombies (Ossuary)
  5 goblins
  6 hobgoblins
  10 jackals
  14 kobolds
  7 quokkas
  A ball python skeleton (D:4)
  8 frilled lizards
  5 gnoll skeletons (Ossuary)
  5 goblin zombies
  4 hobgoblin skeletons (Ossuary)
  4 hobgoblin zombies
  2 kobold skeletons (Ossuary)
  3 kobold zombies (Ossuary)
  A leopard gecko skeleton (D:4)
  5 orc skeletons (Ossuary)
  4 orc zombies (Ossuary)
  A quokka skeleton (D:4)
  10 rats
  A rat skeleton (Ossuary)
  A rat zombie (Ossuary)
385 creatures vanquished.

Vanquished Creatures (others)
  2 goblin skeletons (Ossuary)
  2 goblin zombies (Ossuary)
  2 kobold skeletons (Ossuary)
  2 kobold zombies (Ossuary)
  3 orc skeletons (Ossuary)
  3 orc zombies (Ossuary)
  A rat skeleton (Ossuary)
  A rat zombie (Ossuary)
  4 fungi
  2 plants (D:11)
22 creatures vanquished.

Grand Total: 407 creatures vanquished

Notes
Turn   | Place    | Note
-------+----------+-------------------------------------------
     0 | D:1      | Kingsmith the Deep Elf Venom Mage began the quest for the Orb.
     0 | D:1      | Reached XP level 1. HP: 10/10 MP: 6/6
   155 | D:1      | Reached XP level 2. HP: 15/15 MP: 5/8
   159 | D:1      | Learned a level 2 spell: Poisonous Vapours
   587 | D:1      | Reached skill level 4 in Spellcasting
   888 | D:1      | Reached XP level 3. HP: 19/19 MP: 7/10
  1305 | D:2      | Reached skill level 5 in Spellcasting
  1443 | D:2      | Reached XP level 4. HP: 20/24 MP: 7/13
  1623 | D:2      | Found a runed door.
  2158 | D:2      | Noticed Crazy Yiuf
  2162 | D:2      | Killed Crazy Yiuf
  2180 | D:2      | Learned a level 3 spell: Mephitic Cloud
  2185 | D:2      | Learned a level 4 spell: Olgreb's Toxic Radiance
  2611 | D:3      | Reached XP level 5. HP: 28/28 MP: 3/14
  2615 | D:3      | Reached skill level 1 in Air Magic
  3506 | D:3      | Noticed a centaur
  3680 | D:3      | Killed a centaur
  3680 | D:3      | Reached XP level 6. HP: 21/32 MP: 9/16
  3996 | D:3      | Learned a level 5 spell: Venom Bolt
  4488 | D:4      | Reached XP level 7. HP: 36/36 MP: 7/17
  4529 | D:4      | Reached skill level 6 in Spellcasting
  4580 | D:4      | Noticed Blork the orc
  4585 | D:4      | Killed Blork the orc
  4585 | D:4      | Reached skill level 7 in Spellcasting
  5116 | D:4      | Reached skill level 8 in Spellcasting
  5325 | D:5      | Entered Level 5 of the Dungeon
  5345 | D:5      | Noticed Tramtrist's ghost (novice GrBe)
  5565 | D:6      | Noticed Eustachio
  5571 | D:6      | Killed Eustachio
  5571 | D:6      | Reached skill level 9 in Spellcasting
  5578 | D:6      | Reached XP level 8. HP: 42/42 MP: 3/23
  5593 | D:6      | Reached skill level 1 in Fighting
  5783 | D:6      | Noticed Menkaure
  5827 | D:6      | Killed Menkaure
  6091 | D:6      | Found a staircase to the Ecumenical Temple.
  6103 | Temple   | Entered the Ecumenical Temple
  6151 | Temple   | Became a worshipper of Vehumet
  6225 | D:6      | Found a runed gate.
  6230 | D:6      | Found a runed gate.
  6230 | D:6      | Found a runed gate.
  6239 | D:6      | Found a runed door.
  6452 | D:6      | Found a runed door.
  6690 | D:7      | Reached skill level 5 in Fighting
  6706 | D:7      | Found Gieppof's Distillery.
  6709 | D:7      | Bought a potion of lignification for 42 gold pieces
  6729 | D:7      | Bought a potion of heal wounds for 70 gold pieces
  6729 | D:7      | Bought a potion of curing for 42 gold pieces
  6814 | D:7      | Reached XP level 9. HP: 40/55 MP: 24/24
  6822 | D:7      | Learned a level 3 spell: Regeneration
  6826 | D:7      | Learned a level 3 spell: Vampiric Draining
  6914 | D:7      | Found a sand-covered staircase.
  6947 | Ossuary  | Entered an ossuary
  7015 | Ossuary  | Reached * piety under Vehumet
  7015 | Ossuary  | Offered knowledge of Sandblast by Vehumet.
  7235 | Ossuary  | Reached skill level 1 in Charms
  7413 | D:7      | Reached ** piety under Vehumet
  7413 | D:7      | Offered knowledge of Magic Dart by Vehumet.
  7515 | D:7      | Learned a level 1 spell: Magic Dart
  7562 | D:7      | Found Ripegrao's Distillery.
  7650 | D:7      | Bought a potion of ambrosia for 96 gold pieces
  7650 | D:7      | Bought a potion of mutation for 96 gold pieces
  7664 | D:7      | Found Habaeb's Gadget Emporium.
  7698 | D:7      | Found Jujyud's Book Emporium.
  7752 | D:7      | Reached skill level 5 in Poison Magic
  7894 | D:7      | Found Jebogoe's Jewellery Shop.
  8524 | D:8      | Got a crude amber ring
  8528 | D:8      | Identified the ring of Dewkylow {rPois rF+ rN+++ MR- Int+3} (You found it on level 8 of the Dungeon)
  8582 | D:8      | Noticed schauveau's ghost (journeyman TrMo)
  8861 | D:6      | Reached XP level 10. HP: 43/60 MP: 16/25
  9003 | D:6      | Offered knowledge of Throw Frost by Vehumet.
  9228 | D:8      | Reached skill level 5 in Dodging
  9271 | D:8      | Reached *** piety under Vehumet
  9273 | D:8      | Noticed a two-headed ogre
  9308 | D:8      | Killed a two-headed ogre
  9412 | D:8      | Found a blossoming altar of Fedhas.
  9553 | D:10     | Entered Level 10 of the Dungeon
  9575 | D:10     | Identified a scroll of acquirement
  9662 | D:9      | Offered knowledge of Force Lance by Vehumet.
  9678 | D:9      | Learned a level 4 spell: Force Lance
  9753 | D:7      | Bought a book of Minor Magic for 300 gold pieces
  9786 | D:7      | Bought an uncursed ring of wizardry for 390 gold pieces
  9972 | D:9      | Noticed a two-headed ogre
  9987 | D:9      | Killed a two-headed ogre
  9987 | D:9      | Reached skill level 10 in Spellcasting
 10104 | D:9      | Reached skill level 1 in Staves
 10162 | D:9      | Reached **** piety under Vehumet
 10214 | D:9      | Found a runed door.
 10214 | D:9      | Noticed a sixfirhy
 10394 | D:9      | Offered knowledge of Airstrike by Vehumet.
 10394 | D:9      | Reached XP level 11. HP: 63/67 MP: 22/27
 10415 | D:9      | Learned a level 4 spell: Airstrike
 10647 | D:10     | Noticed Psyche
 10666 | D:10     | Killed Psyche
 10694 | D:10     | Noticed a two-headed ogre
 10698 | D:10     | Reached skill level 5 in Staves
 10703 | D:10     | Killed a two-headed ogre
 10709 | D:10     | Reached skill level 5 in Air Magic
 11175 | D:11     | Reached ***** piety under Vehumet
 11180 | D:11     | Offered knowledge of Conjure Ball Lightning by Vehumet.
 11241 | D:11     | Noticed Snorg
 11268 | D:11     | Killed Snorg
 11504 | D:11     | Noticed a four-headed hydra
 11768 | D:11     | Noticed a wizard
 11775 | D:11     | Killed a wizard
 11775 | D:11     | Reached skill level 11 in Spellcasting
 11779 | D:11     | Learned a level 2 spell: Blink
 11914 | D:12     | HP: 2/69 [vampire/vampiric draining (16)]
 11918 | D:12     | Slain by a vampire

Skill      XL: |  1  2  3  4  5  6  7  8  9 10 11 |
---------------+----------------------------------+-----
Poison Magic   | 4 9 |  9.3
Spellcasting   | 4 5 9 10 11 | 11.6
Conjurations   | 3 4 |  4.0
Air Magic      | 4 6 |  6.2
Fighting       | 5 6 7 8 |  8.5
Charms         | 4 |  4.0
Dodging        | 8 |  8.1
Staves         | 2 6 |  6.1
Stealth        | |  2.4

Action                   |  1- 3 |  4- 6 |  7- 9 | 10-12 || total
-------------------------+-------+-------+-------+-------++-------
Melee: Whip              |     5 |       |       |       ||     5
       Quarterstaff      |       |    64 |   278 |     2 ||   344
       Staff             |       |       |       |   323 ||   323
 Cast: Sting             |    85 |    31 |     5 |     7 ||   128
       Poisonous Vapours |     4 |    95 |   130 |    89 ||   318
       Mephitic Cloud    |       |     2 |     1 |       ||     3
       Olgreb's Toxic Ra |       |     1 |     9 |    39 ||    49
       Magic Dart        |       |       |    19 |       ||    19
       Blink             |       |       |       |     2 ||     2
       Regeneration      |       |       |       |     2 ||     2
       Force Lance       |       |       |       |     1 ||     1
Evoke: Staff of Olgreb   |       |       |       |     5 ||     5
  Use: Scroll            |       |     2 |    15 |     8 ||    25
       Potion            |       |       |     3 |    10 ||    13
 Stab: Sleeping          |     1 |     2 |     7 |     3 ||    13
       Confused          |       |     2 |       |       ||     2
       Paralysed         |       |       |     7 |       ||     7
       Distracted        |       |       |     1 |     1 ||     2
  Eat: Chunk             |     1 |    22 |    14 |     5 ||    42
Armor: Robe              |     4 |    43 |   139 |    16 ||   202
       Troll leather arm |       |       |       |   117 ||   117
Dodge: Dodged            |    20 |    69 |   200 |   305 ||   594
